 Dungeon Crawl Stone Soup version 0.21.1-1-g345015fe64 (webtiles) character file.

14853 RaHiT the Unseen (level 11, -1/84 HPs)
             Began as a Vampire Assassin on Feb 26, 2018.
             Was a Follower of Uskayaw.
             Slain by a crocodile (10 damage)
             ... on level 10 of the Dungeon on Feb 27, 2018.
             The game lasted 01:46:55 (17116 turns).

RaHiT the Unseen (Vampire Assassin)                Turns: 17116, Time: 01:46:55

Health: -1/84      AC: 10    Str: 10    XL:     11   Next: 94%
Magic:  13/13      EV: 21    Int: 14    God:    Uskayaw [*.....]
Gold:   851        SH:  9    Dex: 19    Spells: 10/10 levels left

rFire    . . .     SeeInvis +   X - +2 dagger (vamp)
rCold    . . .     Gourm    .   w - +3 warlock's mirror {reflect}
rNeg     + . .     Faith    .   Y - +2 robe {MR+}
rPois    .         Spirit   .   s - +1 helmet
rElec    .         Reflect  +   d - +0 cloak
rCorr    .         Harm     .   q - +0 pair of gloves
MR       ++++.                  Q - +0 pair of boots
Stlth    +++++++...             (no amulet)
HPRegen  0.24/turn              S - ring of protection from magic
MPRegen  0.13/turn              O - +3 ring of evasion

@: no status effects
A: fangs 3, see invisible, blink, magic resistance 1, unbreathing
a: Bat Form, Blink, Stomp, Renounce Religion


You were on level 10 of the Dungeon.
You worshipped Uskayaw.
Uskayaw was noncommittal.
You were not thirsty.

You visited 2 branches of the dungeon, and saw 13 of its levels.
You also visited: Ossuary.

You collected 851 gold pieces.

Inventory:

Hand Weapons
 a - a +3 dagger of speed
 b - a +0 blowgun
 T - a +1 dagger of venom
 X - a +2 vampiric dagger (weapon)
Missiles
 e - 65 poisoned needles
 n - 14 tomahawks
 r - a curare-tipped needle
 C - 5 javelins (quivered)
 N - 5 needles of paralysis
Armour
 d - a +0 cloak (worn)
 i - a +1 leather armour of poison resistance
 q - a +0 pair of gloves (worn)
 s - a +1 helmet (worn)
 w - the +3 warlock's mirror (worn) {reflect}
   (You found it on level 4 of the Dungeon)
 G - a +2 ring mail of fire resistance
 Q - a +0 pair of boots (worn)
 Y - a +2 robe of magic resistance (worn)
 Z - a +3 leather armour
Jewellery
 m - an uncursed ring of resist corrosion
 O - a +3 ring of evasion (right hand)
 S - a ring of protection from magic (left hand)
Wands
 c - a wand of flame (1)
 A - a wand of digging (22)
 H - a wand of random effects (21)
 J - a wand of iceblast (15)
 P - a wand of enslavement (28)
 R - a wand of polymorph (8)
Scrolls
 f - a scroll of fog
 h - 7 scrolls of remove curse
 j - 3 scrolls of immolation
 p - 3 scrolls of amnesia
 t - 6 scrolls of teleportation
 x - a scroll of blinking
 y - 3 scrolls of fear
 D - a scroll of magic mapping
 I - a scroll of enchant armour
 K - a scroll of noise
 V - a scroll of acquirement {unknown}
 W - a scroll of summoning {unknown}
Potions
 g - 25 potions of blood
 k - 6 potions of flight
 o - 3 potions of agility
 u - 2 potions of brilliance
 v - 2 potions of curing
 z - a potion of magic
 B - 2 potions of haste
 E - a potion of ambrosia
 F - a potion of heal wounds
 M - a potion of lignification {unknown}
 U - a potion of invisibility {unknown}
Books
 L - a book of Cantrips

   Spells                             Type                      Level
   a - Confusing Touch                Hexes                        1
   b - Animate Skeleton               Necromancy                   1
   c - Summon Small Mammal            Summoning                    1
   d - Apportation                    Translocation                1


   Skills:
 + Level 7.1 Fighting
 + Level 10.8 Short Blades
   Level 0.7(6.2) Long Blades
 - Level 3.0 Throwing
 + Level 4.4 Armour
 + Level 7.2 Dodging
 + Level 16.3 Stealth
 - Level 4.0 Shields
 - Level 3.0 Evocations


You had 10 spell levels left.
You didn't know any spells.

Dungeon Overview and Level Annotations

Branches:
Dungeon (12/15)            Temple (1/1) D:6            Lair (0/6) D:9
    Orc (0/2) D:11

Altars:
Ashenzari
Cheibriados
Dithmenos
Elyvilon
Fedhas
Gozag
Hepliaklqana
Kikubaaqudgha
Makhleb
Nemelex Xobeh
Okawaru
Qazlal
Ru
Sif Muna
Trog
Uskayaw
Vehumet
Wu Jian
Xom
Yredelemnul
Zin
The Shining One

Annotations:
D:7 Hat's ghost, novice DDBe


Innate Abilities, Weirdness & Mutations

You have razor-sharp teeth.
You have supernaturally acute eyesight. (SInv)
You can survive without breathing.
You can translocate small distances at will.
You are resistant to hostile enchantments. (MR+)


Message History

You see here a leather armour.
You are no longer corroded.
You see here a dagger.
Items here: ))) [[ a robe; a dagger; a scale mail; a club; a short sword You see here an arrow.
You see here an arrow.
Items here: ( )) [ a plate armour; a long sword; 3 stones; a dagger
There is a stone staircase leading up, spattered with blood here.
Things that are here:
an arrow; a stone The crocodile bites you.
* * * LOW HITPOINT WARNING * * *
You climb upwards.
There is a stone staircase leading down here.
The crocodile bites you!
* * * LOW HITPOINT WARNING * * *
You feel better. The crocodile bites you!
You die...

#................(..........
#.#####...........######....
#.#####...######..# #....
#.........######..######....
#......".)(.(.....).........
#.#####.>###########..######
#.#####..###########..#
#..........)..........######
#.........t@................
#..##########...............
#..# #.##########...#
#..##########.##########...#
#.................<........#
#...........................
#.###########..######.......
#.# #..# #..##### #.# #..#
#..#


You could see a crocodile.

Vanquished Creatures
  A centaur warrior (D:10)
  2 two-headed ogres (D:10)
  An unseen horror (D:11)
  A deep elf mage (D:7)
  A hornet (D:11)
  5 hippogriffs
  2 dream sheep (D:9)
  Sigmund (D:5)
  A wyvern (D:11)
  19 yaks
  2 hungry ghosts (D:11)
  Edmund (D:3)
  2 hell hounds (D:9)
  8 orc warriors
  3 phantoms (D:6)
  2 black bears
  3 sky beasts
  2 ice beasts (D:8)
  2 necrophages
  5 ogres
  3 centaurs
  A crocodile (D:8)
  5 big kobolds
  An elf zombie (Ossuary)
  A gnoll sergeant (D:7)
  8 bullfrogs
  A wyvern zombie (D:11)
  A water moccasin zombie (D:4)
  A scorpion (D:8)
  12 killer bees
  12 wights
  3 electric eels (D:6)
  3 howler monkeys (D:11)
  2 crimson imps
  2 jellies
  3 quasits
  2 bullfrog zombies
  2 centaur skeletons
  5 hounds
  A human zombie (Ossuary)
  15 orc wizards
  9 orc priests
  2 centaur zombies
  6 iguanas
  4 worker ants
  2 big kobold zombies (Ossuary)
  3 hound zombies
  2 hound skeletons
  3 mummies (Ossuary)
  Robin (D:2)
  3 gnolls (D:7)
  12 adders
  6 shadow imps
  An ooze (D:7)
  An adder skeleton (D:4)
  4 adder zombies (Ossuary)
  2 worms
  A dart slug (D:3)
  4 leopard geckos
  67 orcs
  A bat (D:1)
  10 giant cockroaches
  2 gnoll zombies (Ossuary)
  8 hobgoblins
  8 jackals
  4 quokkas
  A ball python (D:1)
  3 frilled lizards
  13 goblins
  3 goblin zombies (Ossuary)
  3 hobgoblin zombies (Ossuary)
  2 jackal skeletons (D:4)
  4 jackal zombies
  23 kobolds
  4 kobold zombies (Ossuary)
  6 quokka zombies (Ossuary)
  9 rats
  A rat zombie (Ossuary)
  A spectral orc (D:5)
387 creatures vanquished.

Vanquished Creatures (others)
  A jackal (D:11)
1 creature vanquished.

Grand Total: 388 creatures vanquished

Notes
Turn   | Place    | Note
-------+----------+-------------------------------------------
     0 | D:1      | RaHiT the Vampire Assassin began the quest for the Orb.
     0 | D:1      | Reached XP level 1. HP: 16/16 MP: 1/1
    55 | D:1      | Reached skill level 6 in Stealth
   134 | D:1      | Reached XP level 2. HP: 22/22 MP: 2/2
   803 | D:2      | Reached XP level 3. HP: 17/27 MP: 3/3
   996 | D:2      | Noticed Robin
  1057 | D:2      | Killed Robin
  1057 | D:2      | Reached skill level 1 in Armour
  1196 | D:2      | Reached XP level 4. HP: 33/33 MP: 4/4
  1331 | D:2      | Found a hazy altar of Hepliaklqana.
  1883 | D:3      | Found a shattered altar of Ashenzari.
  1941 | D:3      | Reached skill level 7 in Stealth
  2045 | D:3      | Found an ornate altar of the Wu Jian Council.
  2127 | D:3      | Found a shimmering altar of Xom.
  2136 | D:3      | Found a basalt altar of Yredelemnul.
  2688 | D:3      | Reached XP level 5. HP: 32/38 MP: 5/5
  2892 | D:3      | Found a shimmering altar of Xom.
  2893 | D:3      | Found a shimmering altar of Xom.
  3095 | D:4      | Found the +3 warlock's mirror {reflect}
  3163 | D:4      | Noticed an ogre
  3183 | D:4      | Killed an ogre
  3183 | D:4      | Reached XP level 6. HP: 22/44 MP: 6/6
  3241 | D:4      | Found a sand-covered staircase.
  3313 | Ossuary  | Entered an ossuary
  3517 | Ossuary  | Reached skill level 1 in Shields
  3640 | Ossuary  | Reached skill level 8 in Stealth
  3949 | Ossuary  | Reached XP level 7. HP: 46/50 MP: 7/7
  4027 | D:4      | Noticed Edmund
  4071 | D:3      | Killed Edmund
  4071 | D:3      | Reached skill level 5 in Short Blades
  4237 | D:4      | Reached skill level 9 in Stealth
  4776 | D:5      | Entered Level 5 of the Dungeon
  4930 | D:5      | Reached XP level 8. HP: 53/56 MP: 8/8
  4959 | D:5      | Reached skill level 10 in Stealth
  5006 | D:5      | Found a shadowy altar of Dithmenos.
  5016 | D:5      | Noticed Sigmund
  5027 | D:5      | Killed Sigmund
  5115 | D:5      | Gained mutation: You are resistant to hostile enchantments. (MR+) [potion of mutation]
  5115 | D:5      | Gained mutation: You are robust. (+10% HP) [potion of mutation]
  5115 | D:5      | Lost mutation: You are robust. (+10% HP) [potion of mutation]
  5115 | D:5      | Gained mutation: You can translocate small distances at will. [potion of mutation]
  5689 | D:6      | Found a staircase to the Ecumenical Temple.
  5702 | Temple   | Entered the Ecumenical Temple
  5925 | Temple   | Became a worshipper of Uskayaw the Reveler
  6149 | D:6      | Reached skill level 11 in Stealth
  6263 | D:6      | Reached * piety under Uskayaw
  6268 | D:6      | Found an ancient bone altar of Kikubaaqudgha.
  6567 | D:6      | Reached skill level 1 in Evocations
  6638 | D:6      | Reached ** piety under Uskayaw
  6643 | D:6      | Reached XP level 9. HP: 45/62 MP: 9/9
  7598 | D:7      | Noticed Hat's ghost (novice DDBe)
  7916 | D:7      | Reached *** piety under Uskayaw
  8123 | D:7      | Reached skill level 12 in Stealth
  8483 | D:7      | Noticed a deep elf mage
  8487 | D:7      | Killed a deep elf mage
  8582 | D:7      | Found a burning altar of Makhleb.
  8711 | D:7      | Found a blossoming altar of Fedhas.
  9174 | D:8      | Reached **** piety under Uskayaw
  9321 | D:8      | Reached XP level 10. HP: 67/72 MP: 12/12
  9433 | D:8      | Reached skill level 13 in Stealth
  9980 | D:8      | Found a sparkling altar of Nemelex Xobeh.
 10328 | D:9      | Found a staircase to the Lair.
 11009 | D:9      | Found a glowing golden altar of the Shining One.
 11083 | D:9      | Found a stormy altar of Qazlal.
 11397 | D:9      | Reached skill level 5 in Fighting
 11397 | D:9      | Reached skill level 5 in Dodging
 11404 | D:9      | Reached ***** piety under Uskayaw
 11676 | D:9      | Noticed a three-headed hydra
 12337 | D:9      | Reached skill level 14 in Stealth
 12406 | D:9      | Reached ****** piety under Uskayaw
 13386 | D:9      | Found a white marble altar of Elyvilon.
 13767 | D:10     | Entered Level 10 of the Dungeon
 13823 | D:10     | Reached XP level 11. HP: 66/80 MP: 13/13
 13865 | D:10     | Reached skill level 10 in Short Blades
 13950 | D:10     | Noticed a two-headed ogre
 14056 | D:10     | Killed a two-headed ogre
 14056 | D:10     | Reached skill level 15 in Stealth
 14673 | D:11     | Noticed a centaur warrior
 14942 | D:10     | Killed a centaur warrior
 15306 | D:11     | Noticed a two-headed ogre
 15308 | D:11     | Noticed an unseen horror
 15398 | D:10     | Killed a two-headed ogre
 15632 | D:11     | Killed an unseen horror
 15879 | D:11     | Found a staircase to the Orcish Mines.
 16170 | D:11     | Reached skill level 16 in Stealth
 16203 | D:11     | Paralysed by a hornet for 1 turns
 16525 | D:11     | Got a twisted falchion {slice}
 16526 | D:11     | Identified the +0 falchion of the Three Ships {slice, Fragile rF+ rC+ Dex+3} (You took it off a crimson imp on level 11 of the Dungeon)
 16973 | D:12     | Noticed a skeletal warrior
 16975 | D:12     | Noticed a death knight
 17112 | D:10     | HP: 3/84 [crocodile (12)]
 17116 | D:10     | Slain by a crocodile

Skill      XL: |  1  2  3  4  5  6  7  8  9 10 11 |
---------------+----------------------------------+-----
Stealth        | 6 7 8 9 11 12 14 16 | 16.3
Fighting       | 2 4 5 7 |  7.1
Armour         | 1 2 3 4 |  4.4
Short Blades   | 3 4 6 7 8 9 10 | 10.8
Dodging        | 2 3 5 7 |  7.2
Throwing       | 2 3 |  3.0
Shields        | 1 3 4 |  4.0
Evocations     | 1 3 |  3.0
Long Blades    | |  0.7

Action                   |  1- 3 |  4- 6 |  7- 9 | 10-12 || total
-------------------------+-------+-------+-------+-------++-------
Melee: Dagger            |   112 |   318 |   515 |  1351 ||  2296
       Bite              |     7 |    48 |    67 |   176 ||   298
       Unarmed           |       |     5 |       |       ||     5
       Falchion          |       |       |       |    46 ||    46
 Fire: Blowgun           |       |    13 |    51 |   108 ||   172
Throw: Tomahawk          |     9 |    26 |    38 |    20 ||    93
       Javelin           |       |       |       |    16 ||    16
Invok: Line Pass         |       |       |       |     5 ||     5
       Stomp             |       |       |       |     1 ||     1
 Abil: End Transformatio |       |     6 |     7 |     6 ||    19
       Bat Form          |       |     6 |     7 |     6 ||    19
Evoke: Wand              |       |       |    13 |    12 ||    25
  Use: Potion            |     4 |     5 |    19 |    28 ||    56
       Scroll            |       |    11 |    12 |     1 ||    24
 Stab: Sleeping          |    10 |    15 |    22 |    15 ||    62
       Distracted        |       |     1 |     1 |     4 ||     6
       Paralysed         |       |       |     8 |    34 ||    42
       Confused          |       |       |       |     3 ||     3
Armor: Robe              |    17 |       |       |    25 ||    42
       Animal skin       |     3 |    50 |     2 |       ||    55
       Leather armour    |       |       |    51 |   108 ||   159
Dodge: Dodged            |    60 |    94 |   104 |   467 ||   725
Block: Buckler           |       |    37 |    91 |   352 ||   480
       Reflection        |       |       |     1 |    21 ||    22
       Rpst.: Falchion   |       |       |       |     4 ||     4
